 Dungeon Crawl Stone Soup version 0.21.1-1-g345015fe64 (webtiles) character file.

65303 mehakun the Bludgeoner (level 14, -4/124 HPs)
             Began as a Demonspawn Berserker on June 17, 2018.
             Was a Priest of Trog.
             Slain by a naga mage
             ... wielding a +0 halberd
              (5 damage)
             ... on level 3 of the Snake Pit.
             The game lasted 00:55:22 (19840 turns).

mehakun the Bludgeoner (Demonspawn Berserker)      Turns: 19840, Time: 00:55:24

Health: -4/124     AC: 26    Str: 23    XL:     14   Next: 75%
Magic:  4/14       EV:  5    Int:  8    God:    Trog [***...]
Gold:   1425       SH:  0    Dex: 15    Spells: 13/13 levels left

rFire    + . .     SeeInvis +   W - +4 great mace (flame)
rCold    . . .     Gourm    .   (shield currently unavailable)
rNeg     + . .     Faith    .   r - +0 crystal plate armour "Damnable Contraption" {Regen+ Slay+3}
rPois    .         Spirit   .   (helmet unavailable)
rElec    .         Reflect  .   y - +1 cloak
rCorr    .         Harm     .   x - +0 pair of gloves
MR       +++..                  p - +0 pair of boots
Stlth    ..........             k - amulet of magic regeneration
HPRegen  1.70/turn              l - ring of positive energy
MPRegen  0.39/turn              A - ring of protection from fire

@: lethally poisoned (-4 -> -31), about to teleport, berserk cooldown,
regenerating, constricted
A: antennae 3, demonic guardian 1, nightstalker 2, robust 1, strong 1, wild
magic 1, sturdy frame 2
a: Berserk, Trog's Hand, Burn Spellbooks, Renounce Religion


You were on level 3 of the Snake Pit.
You worshipped Trog.
Trog was most pleased with you.
You were not hungry.

You visited 3 branches of the dungeon, and saw 19 of its levels.
You also visited: Volcano.

You collected 1425 gold pieces.

Inventory:

Hand Weapons
 C - a +2 antimagic great mace
 H - the +5 flail of Anuuf {flame, Dex+5}
   (You found it on level 2 of the Lair of Beasts)

   It has been specially enchanted to burn those struck by it, causing extra
   injury to most foes and up to half again as much damage against particularly
   susceptible opponents.
   It affects your dexterity (+5).
 W - a +4 great mace of flaming (weapon)
Armour
 p - a +0 pair of boots (worn)
 r - the +0 crystal plate armour "Damnable Contraption" (worn) {Regen+ Slay+3}
   (You found it on level 5 of the Dungeon)

   It affects your accuracy and damage with ranged weapons and melee attacks
   (+3).
   It increases your rate of regeneration.
 x - a +0 pair of gloves (worn)
 y - a +1 cloak (worn)
 Y - a +2 plate armour of fire resistance
Jewellery
 b - an uncursed ring of fire
 k - an amulet of magic regeneration (around neck)
 l - a ring of positive energy (left hand)
 s - a cursed ring of loudness {unknown}
 u - an uncursed ring of stealth
 w - an uncursed ring of flight
 A - a ring of protection from fire (right hand)
 N - an uncursed ring of protection from cold
 P - an uncursed ring of ice
Wands
 o - a wand of iceblast (11)
 z - a wand of clouds (5)
 E - a wand of enslavement (8)
 F - a wand of flame (52)
 G - a wand of digging (21)
 L - a wand of disintegration (8)
 O - a wand of polymorph (25)
 U - a wand of random effects (26)
Scrolls
 d - 5 scrolls of teleportation
 h - 8 scrolls of fear
 i - 6 scrolls of remove curse
 m - a scroll of acquirement {unknown}
 t - a scroll of noise {unknown}
 v - 5 scrolls of fog
 B - 4 scrolls of brand weapon
 D - 5 scrolls of immolation
 I - a scroll of torment
 J - a scroll of summoning
 K - 2 scrolls of enchant armour
 S - a scroll of magic mapping {unknown}
 T - 2 scrolls of enchant weapon
Potions
 a - 2 potions of mutation
 e - 2 potions of berserk rage
 f - 6 potions of agility
 g - 2 potions of resistance
 j - 2 potions of brilliance
 n - a potion of haste {unknown}
 q - 3 potions of magic
 Q - a potion of might {unknown}
 R - 2 potions of ambrosia {unknown}
 V - a potion of flight {unknown}
 X - a potion of lignification {unknown}
Comestibles
 c - 22 rations


   Skills:
 + Level 11.3 Fighting
 + Level 15.2 Maces & Flails
 + Level 11.4 Armour
 + Level 2.4 Dodging
 + Level 2.5 Stealth
   Level 10.6 Shields


You had 13 spell levels left.
You didn't know any spells.

Dungeon Overview and Level Annotations

Branches:
Dungeon (10/15)            Temple (0/1) D:5            Lair (6/6) D:10
 Shoals (0/4) Lair:2        Snake (3/4) Lair:4        Slime (0/5) Lair:6
    Orc: D:9-12

Altars:
Dithmenos
Elyvilon
Kikubaaqudgha
Nemelex Xobeh
Ru
Sif Muna
Trog
Zin
Jiyva

Shops:
D:7 }(%   D:9 %

Portals:
Trove: D:10 (give 2 scrolls of acquirement)

Annotations:
D:7 Prince Ribbit


Innate Abilities, Weirdness & Mutations

You have a pair of large antennae on your head. (SInv)
A weak demonic guardian rushes to your aid.
You are significantly more attuned to the shadows.
Your movements are less encumbered by armour. (ER -4)
You are robust. (+10% HP)
Your muscles are strong. (Str +2)
Your spells are a little harder to cast, but a little more powerful.


Message History

The nagaraja resists with almost no effort. x2
* * * LOW HITPOINT WARNING * * *
You feel very sick.
The nagaraja mumbles some strange words.
The nagaraja seems to speed up.
The naga mage spits poison at you. The splash of poison hits you!
You are more poisoned.
The naga mage gestures at you while chanting.
The bolt of poison hits you!
You are more poisoned.
The naga mage constricts you.
Okay, then.
As you read the scroll of teleportation, it crumbles to dust.
You feel strangely unstable.
You feel the effects of Trog's Hand fading.
* * * LOW HITPOINT WARNING * * *
You feel very sick. The naga mage hits you with a halberd.
You die...

....##.....)÷#.....#..
.)..##.......#.....#
.....#.......#.....#
............##.....##
............#...%...#
.....##....##..≈≈≈..##
.....##....#..≈≈.≈≈..#
.....###.###..≈...≈..#
..... ### ...≈.@.≈...
...≈.N.≈...
.≈≈≈..N≈≈≈.
.≈.S.NN≈.≈.
.≈≈≈...≈≈≈.
........... {


You could see 2 nagarajas, a guardian serpent (fleeing) and 2 naga magi.

Vanquished Creatures
  A nagaraja (Snake:3)
  4 hydras
  3 catoblepae (Lair:6)
  9 naga warriors
  Fannar (Lair:3)
  6 anacondas
  A centaur warrior (Volcano)
  A two-headed ogre (D:9)
  4 death yaks (Lair:6)
  5 naga sharpshooters
  A hell knight (Volcano)
  4 shock serpents
  A fire crab (Lair:6)
  A naga ritualist (Snake:1)
  The ghost of tim133133 the Chopper, a novice DDFi (D:5)
  5 salamanders
  2 manticores (Lair:6)
  11 elephants
  2 naga magi
  A merfolk siren (Lair:2)
  Joseph (D:7)
  12 black mambas
  3 guardian serpents
  Psyche (D:9)
  6 spiny frogs
  6 komodo dragons
  A rime drake (Lair:6)
  A yaktaur (Volcano)
  2 trolls (D:9)
  9 blink frogs
  8 hippogriffs
  4 dream sheep (Lair:4)
  26 yaks
  A human (D:8)
  4 hogs (D:8)
  8 fire bats
  A wyvern (Lair:1)
  20 nagas
  6 porcupines
  5 water moccasins
  A hornet zombie (D:9)
  An ice beast (D:7)
  2 phantoms
  An orc warrior (D:9)
  8 wolves
  An ogre (D:9)
  6 centaurs
  9 crocodiles
  5 bullfrogs
  7 scorpions
  9 killer bees (D:9)
  5 wights (D:10)
  3 howler monkeys
  2 electric eels (Lair:5)
  5 crimson imps
  A bullfrog zombie (D:6)
  8 lava snakes (Volcano)
  A quasit (D:6)
  3 centaur skeletons (D:6)
  7 hounds
  3 orc priests
  5 jellies
  3 orc wizards
  A bullfrog skeleton (D:9)
  2 iguanas
  7 worker ants
  2 killer bee zombies (D:6)
  A hound zombie (D:6)
  2 hound skeletons (D:6)
  A worker ant zombie (D:6)
  A howler monkey zombie (D:6)
  2 howler monkey skeletons (D:6)
  11 adders
  7 gnolls
  An ooze (D:2)
  3 adder zombies
  3 adder skeletons
  2 worms
  2 dart slugs
  7 leopard geckos
  25 orcs
  10 bats
  4 giant cockroaches
  13 goblins
  9 hobgoblins
  8 jackals
  3 kobolds
  4 quokkas
  3 frilled lizards
  2 jackal skeletons
  A leopard gecko skeleton (D:4)
  2 quokka skeletons (D:6)
  8 rats
432 creatures vanquished.

Vanquished Creatures (collateral kills)
  2 naga warriors (Snake:3)
  An anaconda (Snake:3)
  A death yak (Lair:6)
  A mana viper (Snake:1)
  A salamander (Snake:2)
  Maurice (D:8)
  A black mamba (Snake:3)
  A spiny frog (Lair:2)
  A naga mage (Snake:1)
  A troll (D:9)
  A blink frog (Lair:4)
  A hippogriff (D:9)
  A basilisk (Lair:1)
  4 yaks
  3 nagas
  A phantom (D:4)
  2 ogres
  A necrophage (D:8)
  An orc (D:7)
  A fungus (Lair:6)
27 creatures vanquished.

Vanquished Creatures (others)
  A yak (Lair:6)
  2 plants (Snake:1)
3 creatures vanquished.

Grand Total: 462 creatures vanquished

Notes
Turn   | Place    | Note
-------+----------+-------------------------------------------
     0 | D:1      | mehakun the Demonspawn Berserker began the quest for the Orb.
     0 | D:1      | Reached XP level 1. HP: 18/18 MP: 1/1
     3 | D:1      | Noticed a troll
    10 | D:1      | Noticed a draconian
    12 | D:1      | Noticed an elf
    19 | D:1      | Noticed a merfolk zombie
   376 | D:1      | Gained mutation: You are slightly more attuned to the shadows. [demonic ancestry]
   376 | D:1      | Reached XP level 2. HP: 22/24 MP: 2/2
   453 | D:1      | Reached skill level 3 in Maces & Flails
  1173 | D:2      | Reached XP level 3. HP: 29/29 MP: 3/3
  1237 | D:2      | Found a bloodstained altar of Trog.
  1288 | D:2      | Gained mutation: A weak demonic guardian rushes to your aid. [demonic ancestry]
  1288 | D:2      | Reached XP level 4. HP: 17/37 MP: 4/4
  1629 | D:2      | Reached ** piety under Trog
  2258 | D:2      | Found an ancient bone altar of Kikubaaqudgha.
  2258 | D:2      | Found a white marble altar of Elyvilon.
  2259 | D:2      | Found a shadowy altar of Dithmenos.
  2441 | D:3      | Gained mutation: You are significantly more attuned to the shadows. [demonic ancestry]
  2441 | D:3      | Reached XP level 5. HP: 33/42 MP: 5/5
  2468 | D:3      | Reached skill level 4 in Maces & Flails
  3515 | D:4      | Noticed an ogre
  3520 | D:4      | Killed an ogre
  3520 | D:4      | Reached *** piety under Trog
  3520 | D:4      | Gained mutation: Your movements are slightly less encumbered by armour. (ER -2) [demonic ancestry]
  3520 | D:4      | Reached XP level 6. HP: 49/49 MP: 6/6
  3804 | D:4      | Found a glowing silver altar of Zin.
  3804 | D:4      | Found a sacrificial altar of Ru.
  3965 | D:4      | Reached skill level 5 in Maces & Flails
  4691 | D:5      | Entered Level 5 of the Dungeon
  4729 | D:5      | Found a staircase to the Ecumenical Temple.
  4924 | D:5      | Got a polished crystal plate armour
  4930 | D:5      | Noticed tim133133's ghost (novice DDFi)
  4940 | D:5      | Identified the cursed +0 crystal plate armour "Damnable Contraption" {Regen+ Slay+3} (You found it on level 5 of the Dungeon)
  4949 | D:5      | Killed tim133133's ghost
  4949 | D:5      | Reached skill level 5 in Fighting
  4949 | D:5      | Reached skill level 6 in Maces & Flails
  4949 | D:5      | Gained mutation: You have a pair of small antennae on your head. [demonic ancestry]
  4949 | D:5      | Reached XP level 7. HP: 46/56 MP: 7/7
  4993 | D:5      | Reached XP level 8. HP: 62/62 MP: 8/8
  5069 | D:5      | Reached skill level 5 in Armour
  5105 | D:5      | Found a deep blue altar of Sif Muna.
  5585 | D:6      | Reached skill level 1 in Shields
  5805 | D:6      | Reached **** piety under Trog
  5994 | D:6      | Reached skill level 7 in Maces & Flails
  6038 | D:6      | Found a sparkling altar of Nemelex Xobeh.
  6459 | D:7      | Found Eqidota's Weapon Boutique.
  6558 | D:7      | Found Meoror's Gadget Shop.
  6686 | D:7      | Noticed Joseph
  6697 | D:7      | Killed Joseph
  6697 | D:7      | Reached XP level 9. HP: 69/69 MP: 9/9
  6863 | D:7      | Found Zodeubba's Food Emporium.
  6864 | D:7      | Noticed Prince Ribbit
  7347 | D:8      | Reached skill level 8 in Maces & Flails
  7686 | D:8      | Noticed Maurice
  7700 | D:8      | Killed Maurice
  7700 | D:8      | Reached skill level 5 in Shields
  7718 | D:8      | Gained mutation: Your muscles are strong. (Str +2) [potion of mutation]
  7718 | D:8      | Gained mutation: Your spells are a little harder to cast, but a little more powerful. [potion of mutation]
  7718 | D:8      | Gained mutation: You are robust. (+10% HP) [potion of mutation]
  8073 | D:9      | Noticed a troll
  8227 | D:9      | Gained mutation: Your movements are less encumbered by armour. (ER -4) [demonic ancestry]
  8227 | D:9      | Reached XP level 10. HP: 84/84 MP: 10/10
  8293 | D:9      | Found Jegom's Food Shoppe.
  8540 | D:9      | Noticed Psyche
  8548 | D:9      | Killed Psyche
  8548 | D:9      | Reached ***** piety under Trog
  8584 | D:9      | Reached skill level 9 in Maces & Flails
  8875 | D:9      | Noticed a two-headed ogre
  8884 | D:9      | Killed a two-headed ogre
  9470 | D:10     | Entered Level 10 of the Dungeon
  9616 | D:10     | Found a portal to a secret trove of treasure.
  9642 | D:10     | Received a gift from Trog
  9709 | D:10     | Found a staircase to the Lair.
 10233 | Lair:1   | Entered Level 1 of the Lair of Beasts
 10309 | Lair:1   | Found a frozen archway.
 10331 | Lair:1   | Reached XP level 11. HP: 66/92 MP: 11/11
 10335 | Lair:1   | Reached skill level 10 in Maces & Flails
 10499 | Lair:1   | Noticed a seven-headed hydra
 10506 | Lair:1   | Killed a seven-headed hydra
 10506 | Lair:1   | Reached skill level 1 in Stealth
 10563 | Lair:1   | Noticed a seven-headed hydra
 10576 | Lair:1   | Killed a seven-headed hydra
 10736 | Lair:1   | Received a gift from Trog
 11584 | Lair:2   | Found a staircase to the Shoals.
 11612 | Lair:2   | Got an ancient flail
 11614 | Lair:2   | Identified the +5 flail of Anuuf {flame, Dex+5} (You found it on level 2 of the Lair of Beasts)
 12264 | Lair:3   | Reached skill level 11 in Maces & Flails
 12480 | Lair:3   | Noticed Fannar
 12488 | Lair:3   | Killed Fannar
 12966 | Lair:4   | Found a staircase to the Snake Pit.
 12992 | Lair:4   | Reached XP level 12. HP: 84/103 MP: 12/12
 13910 | Lair:5   | Noticed a four-headed hydra
 13916 | Lair:5   | Killed a four-headed hydra
 13916 | Lair:5   | Reached skill level 12 in Maces & Flails
 13916 | Lair:5   | Reached skill level 10 in Shields
 14192 | Lair:5   | Noticed a seven-headed hydra
 14202 | Lair:5   | Killed a seven-headed hydra
 14733 | Lair:6   | Entered Level 6 of the Lair of Beasts
 14884 | Lair:6   | Found a staircase to the Slime Pits.
 14884 | Lair:6   | Found a viscous altar of Jiyva.
 15008 | Lair:6   | Gained mutation: You have a pair of antennae on your head. [demonic ancestry]
 15008 | Lair:6   | Reached XP level 13. HP: 111/111 MP: 13/13
 15013 | Lair:6   | Received a gift from Trog
 15298 | Lair:6   | Found a dark tunnel.
 15311 | Volcano  | Entered a volcano
 15491 | Volcano  | Found a bloodstained altar of Trog.
 15539 | Volcano  | Found a bloodstained altar of Trog.
 15860 | Lair:6   | Reached skill level 13 in Maces & Flails
 16245 | Lair:6   | Reached skill level 10 in Fighting
 16739 | Snake:1  | Entered Level 1 of the Snake Pit
 16765 | Snake:1  | Reached skill level 10 in Armour
 16879 | Snake:1  | Reached skill level 14 in Maces & Flails
 17083 | Snake:1  | Received a gift from Trog
 17360 | Snake:1  | HP: 3/114 [naga warrior/glaive (6)]
 17362 | Snake:1  | Gained mutation: You have a pair of large antennae on your head. (SInv) [demonic ancestry]
 17362 | Snake:1  | Reached XP level 14. HP: 3/122 MP: 14/14
 17365 | Snake:1  | HP: 4/122 [poisoned by a naga warrior (splash of poison)]
 19169 | Snake:3  | Noticed a nagaraja
 19183 | Snake:3  | Killed a nagaraja
 19416 | Snake:3  | Reached skill level 15 in Maces & Flails
 19813 | Snake:3  | Noticed a nagaraja
 19837 | Snake:3  | Noticed a nagaraja
 19837 | Snake:3  | Noticed a nagaraja
 19839 | Snake:3  | HP: 5/124 [poisoned by a naga mage (splash of poison)]
 19840 | Snake:3  | HP: 1/124 [poisoned by a naga mage (bolt of poison)]
 19840 | Snake:3  | Slain by a naga mage

Skill      XL: |  1  2  3  4  5  6  7  8  9 10 11 12 13 14 |
---------------+-------------------------------------------+-----
Maces & Flails | 3 4 6 7 8 9 11 12 14 15 | 15.2
Dodging        | 2 |  2.4
Armour         | 2 3 4 5 6 7 8 9 10 11 | 11.4
Fighting       | 4 5 6 7 8 9 10 11 | 11.3
Shields        | 3 5 7 9 10 | 10.6
Stealth        | 1 2 |  2.5

Action                   |  1- 3 |  4- 6 |  7- 9 | 10-12 | 13-15 || total
-------------------------+-------+-------+-------+-------+-------++-------
Melee: Mace              |   103 |    94 |       |       |       ||   197
       Flail             |       |   199 |   396 |   708 |     4 ||  1307
       Great mace        |       |       |       |       |   452 ||   452
Invok: Berserk           |     2 |     2 |     7 |     6 |    14 ||    31
       Trog's Hand       |       |     1 |       |     1 |    18 ||    20
       Burn Spellbooks   |       |       |       |     3 |     2 ||     5
       Brothers in Arms  |       |       |       |       |     6 ||     6
  Use: Scroll            |       |     7 |     6 |    10 |    10 ||    33
       Potion            |       |       |     1 |       |     5 ||     6
 Stab: Distracted        |       |       |       |     3 |     5 ||     8
       Petrified         |       |       |       |       |     1 ||     1
  Eat: Chunk             |     2 |     6 |     7 |    12 |     8 ||    35
       Ration            |       |     3 |     3 |     5 |     9 ||    20
Armor: Animal skin       |     3 |       |       |       |       ||     3
       Chain mail        |    79 |   183 |       |       |       ||   262
       Crystal plate arm |       |     2 |   328 |   370 |   479 ||  1179
       Skin              |       |     1 |       |       |       ||     1
Dodge: Dodged            |    64 |   168 |    36 |    80 |   175 ||   523
Block: Large shield      |       |       |   360 |   614 |     1 ||   975
